 Dungeon Sprint DCSS version 0.19-a0-1553-g64c24c3 (webtiles) character file.

3553 poirepourri the Imperceptible (level 9, -3/39 HPs)
             Began as a Spriggan Enchanter on Sept 14, 2016.
             Was a High Priest of Dithmenos.
             Slain by Agnes
             ... wielding a +0 lajatang
              (20 damage)
             ... in the Dungeon (Sprint IV: "Fedhas' Mad Dash").
             The game lasted 00:03:37 (904 turns).

poirepourri the Imperceptible (Spriggan Enchanter)   Turns: 904, Time: 00:03:37

Health: -3/39      AC:  3    Str:  4    XL:     9   Next: 83%
Magic:  18/23      EV: 23    Int: 16    God:    Dithmenos [*****.]
Gold:   207        SH:  0    Dex: 20    Spells: 8 memorised, 5 levels left

rFire  . . .     SeeInvis +     n - +0 rapier
rCold  . . .     Gourm    .     b - +1 robe
rNeg   . . .     Faith    .     (shield restricted)
rPois  .         Spirit   .     (helmet restricted)
rElec  .         Dismiss  .     (no cloak)
rCorr  .         Reflect  .     (gloves unavailable)
MR     +....     Harm     .     (boots unavailable)
Stlth  ++++++++++ NoTele   +    l - amulet of invisibility {+Inv}
                                (no ring)
                                (no ring)

@: very slightly contaminated, wreathed by umbra, very quick
A: unfitting armour, see invisible, herbivore 3, speed 3, slow metabolism 2
a: Shadow Step, Shadow Form, Renounce Religion, Evoke Invisibility


You were in the Dungeon.
You worshipped Dithmenos.
Dithmenos was extremely pleased with you.
You were not hungry.

You visited 1 branch You collected 207 gold pieces.

Inventory:

Hand Weapons
 a - a +1 dagger
 n - a +0 rapier (weapon)
Armour
 b - a +1 robe (worn)
Jewellery
 l - the amulet of invisibility (around neck) {+Inv}
   (You found it in the Dungeon)

   [amulet of nothing]

   It lets you turn invisible.
Potions
 e - a potion of curing
 f - a potion of heal wounds
 g - a potion of haste
 h - 2 potions of magic
 i - 2 potions of berserk rage
 m - 2 potions of cure mutation {unknown}
 p - a potion of lignification {unknown}
Books
 c - a book of Maledictions

   Spells                             Type                      Level
   a - Corona                         Hexes                        1
   b - Ensorcelled Hibernation        Hexes/Ice                    2
   c - Confuse                        Hexes                        3
   d - Tukima's Dance                 Hexes                        3
   e - Dazzling Spray                 Conjuration/Hexes            3
 q - a book of Debilitation

   Spells                             Type                      Level
   a - Corona                         Hexes                        1
   b - Slow                           Hexes                        2
   c - Gell's Gravitas                Hexes/Translocation          3
   d - Inner Flame                    Hexes/Fire                   3
   e - Cause Fear                     Hexes                        4
   f - Leda's Liquefaction            Hexes/Earth                  4
Miscellaneous
 k - a phial of floods
Comestibles
 d - a bread ration
 o - 4 royal jellies


   Skills:
 + Level 9.9 Short Blades
 + Level 7.2 Dodging
 + Level 23.2 Stealth
 + Level 9.2 Spellcasting
 + Level 11.5 Hexes
 + Level 0.6 Invocations


You had 5 spell levels left.
You knew the following spells:

 Your Spells              Type           Power        Failure   Level  Hunger
a - Corona                Hex            #####..      1%          1    None
b - Ensorcelled Hibernat  Hex/Ice        ####..       1%          2    None
c - Confuse               Hex            #####...     1%          3    #......
d - Tukima's Dance        Hex            #####...     1%          3    #......
e - Dazzling Spray        Conj/Hex       ####..       2%          3    #......
f - Slow                  Hex            #####...     1%          2    None
g - Gell's Gravitas       Hex/Tloc       ####......   2%          3    #......
h - Cause Fear            Hex            #####.....   1%          4    ###....


Dungeon Overview and Level Annotations

Branches:
Dungeon (1/1)

Altars:
Cheibriados
Dithmenos
Elyvilon
Gozag
Hepliaklqana
Kikubaaqudgha
Makhleb
Nemelex Xobeh
Okawaru
Qazlal
Ru
Sif Muna
Trog
Uskayaw
Vehumet
Xom
Yredelemnul
Zin
The Shining One
Beogh
Jiyva
Lugonu

Shops:
D %*:[?:

Annotations:
D Agnes


Innate Abilities, Weirdness & Mutations

You are tiny and cannot use many weapons and most armour.
You have supernaturally acute eyesight. (SInv)
You are a herbivore.
You cover ground extremely quickly.
You need consume almost no food.


Message History

You step into Agnes's shadow.
Agnes shouts!
Agnes hits you with a lajatang!
Found Nyinif's Book Emporium and Urchau's Antique Armour Shoppe.
You miss Agnes. Agnes hits you with a lajatang!
Blink to where?
Press: ? - help, Dir - move target cursor, p - Agnes You are very lightly contaminated with residual magic.
As you read the scroll of blinking, it crumbles to dust.
There is an open door here.
Casting: Dazzling Spray
Confirm with . or Enter, or press ? or * to list all spells.
Aiming: Ensorcelled Hibernation
Press: ? - help, Shift-Dir - straight line, f - Agnes
Aim: Agnes, wielding a lajatang and wearing a robe (umbra, chance to defeat MR: 3%) Agnes resists with almost no effort.
Agnes bows.
Agnes hits you with a lajatang!!
Ouch! That really hurt!
You die...

.#.).'.._._._._._..'..#.†.#....'.
.#†..#..._._._._...#..###'##.(.##
###'##.._._._._._..#.[##∩∩.'...##
.'...#.⌠._._._._.⌠.#############*
.#...##################*,,,,,,***
######♣♣♣♣♣..♣.###.'..+,,,,,,,+,+
##.)'......♣..♣##..#..#,,,,,,,***
....#♣..♣♣♣.♣).###.##'#*,,,,,,*
....#.♣♣..♣...♣'@i.#♣.♣##******
######*#############....,####
,,,,,,,,,,,* **#..♣..♣....#**
,,,,,,,,,,,*****,,.♣......♣,,,***
,,,,,,,,,,,,,,,.....♣.....∩.∩.,,,
,,,,,,,,,,,,,**###**##########***
************** ******* *******
,,,,* ***,,*****,,,∩∩***,,,,,***
,,,,* *,,,,+,,,,,,,,,**,,,,,,+,*


You could see Agnes.

Vanquished Creatures
  A spriggan druid (D)
  3 oklob plants (D)
  3 burning bushes (D)
  A queen bee (D)
  3 wandering mushrooms (D)
  2 scorpions (D)
  4 killer bees (D)
  5 oklob saplings (D)
  A worker ant (D)
  2 spriggans (D)
  A river rat (D)
  A rat (D)
  A giant spore (D)
28 creatures vanquished.

Notes
Turn   | Place    | Note
-------+----------+-------------------------------------------
     0 | D        | poirepourri the Spriggan Enchanter began the quest for the Orb.
     0 | D        | Reached XP level 1. HP: 9/9 MP: 5/5
    11 | D        | Reached skill level 7 in Stealth
    11 | D        | Reached XP level 2. HP: 13/13 MP: 6/6
    21 | D        | Learned a level 2 spell: Ensorcelled Hibernation
    24 | D        | Noticed an oklob sapling
    26 | D        | Killed an oklob sapling
    26 | D        | Reached skill level 10 in Stealth
    26 | D        | Reached XP level 3. HP: 16/16 MP: 8/8
    31 | D        | Learned a level 3 spell: Confuse
    34 | D        | Reached skill level 11 in Stealth
    51 | D        | Noticed an oklob sapling
    56 | D        | Killed an oklob sapling
    56 | D        | Reached skill level 5 in Dodging
    56 | D        | Reached XP level 4. HP: 21/21 MP: 5/9
    95 | D        | Found an opulent altar of Gozag.
    95 | D        | Found a hazy altar of Hepliaklqana.
    95 | D        | Found a burning altar of Makhleb.
    95 | D        | Found a roughly hewn altar of Beogh.
    95 | D        | Found a sparkling altar of Nemelex Xobeh.
    95 | D        | Found a snail-covered altar of Cheibriados.
    95 | D        | Found a sacrificial altar of Ru.
    95 | D        | Found a deep blue altar of Sif Muna.
    95 | D        | Found a shimmering altar of Xom.
    95 | D        | Found a basalt altar of Yredelemnul.
    96 | D        | Found a viscous altar of Jiyva.
    96 | D        | Found a bloodstained altar of Trog.
    97 | D        | Found an iron altar of Okawaru.
    97 | D        | Found a glowing silver altar of Zin.
    97 | D        | Found a shadowy altar of Dithmenos.
    98 | D        | Found a hide-covered altar of Uskayaw.
    98 | D        | Found an ancient bone altar of Kikubaaqudgha.
    99 | D        | Found a stormy altar of Qazlal.
    99 | D        | Found a glowing golden altar of the Shining One.
    99 | D        | Found a white marble altar of Elyvilon.
   100 | D        | Found a radiant altar of Vehumet.
   100 | D        | Found a corrupted altar of Lugonu.
   103 | D        | Reached skill level 12 in Stealth
   103 | D        | Reached skill level 5 in Hexes
   103 | D        | Reached XP level 5. HP: 24/24 MP: 9/12
   110 | D        | Became a worshipper of Dithmenos the Shadowed
   134 | D        | Reached skill level 13 in Stealth
   143 | D        | Reached * piety under Dithmenos
   143 | D        | Reached skill level 14 in Stealth
   143 | D        | Reached skill level 5 in Spellcasting
   166 | D        | Learned a level 3 spell: Tukima's Dance
   170 | D        | Learned a level 3 spell: Dazzling Spray
   170 | D        | Found Ibbisuywk's Assorted Antiques.
   171 | D        | Found Debem's Food Emporium.
   177 | D        | Noticed a burning bush
   177 | D        | Noticed a wandering mushroom
   178 | D        | Noticed a wandering mushroom
   181 | D        | Killed a burning bush
   181 | D        | Reached ** piety under Dithmenos
   181 | D        | Reached skill level 16 in Stealth
   181 | D        | Reached XP level 6. HP: 28/28 MP: 14/16
   182 | D        | Killed a wandering mushroom
   182 | D        | Reached skill level 17 in Stealth
   182 | D        | Reached XP level 7. HP: 32/32 MP: 14/18
   185 | D        | Killed a wandering mushroom
   185 | D        | Reached skill level 5 in Short Blades
   185 | D        | Reached skill level 18 in Stealth
   185 | D        | Reached skill level 10 in Hexes
   217 | D        | Found Ibaewipn's Book Emporium.
   217 | D        | Found Geunian's Magic Scroll Shoppe.
   270 | D        | Noticed a queen bee
   283 | D        | Killed a queen bee
   283 | D        | Reached *** piety under Dithmenos
   283 | D        | Reached XP level 8. HP: 36/36 MP: 16/21
   319 | D        | Reached skill level 19 in Stealth
   322 | D        | Reached **** piety under Dithmenos
   327 | D        | Noticed an oklob plant
   330 | D        | Killed an oklob plant
   330 | D        | Reached skill level 20 in Stealth
   345 | D        | Noticed a burning bush
   348 | D        | Killed a burning bush
   358 | D        | Noticed a burning bush
   358 | D        | Noticed an oklob plant
   359 | D        | Noticed a wandering mushroom
   360 | D        | Killed a burning bush
   360 | D        | Reached ***** piety under Dithmenos
   360 | D        | Reached skill level 21 in Stealth
   360 | D        | Reached XP level 9. HP: 39/39 MP: 22/22
   367 | D        | Killed an oklob plant
   367 | D        | Reached skill level 22 in Stealth
   377 | D        | Killed a wandering mushroom
   625 | D        | Noticed a spriggan druid
   627 | D        | Killed a spriggan druid
   627 | D        | Reached skill level 23 in Stealth
   644 | D        | Noticed an oklob plant conjurer
   646 | D        | Killed an oklob plant conjurer
   656 | D        | Learned a level 2 spell: Slow
   660 | D        | Learned a level 3 spell: Gell's Gravitas
   665 | D        | Learned a level 4 spell: Cause Fear
   893 | D        | Noticed Agnes
   895 | D        | Found Nyinif's Book Emporium.
   895 | D        | Found Urchau's Antique Armour Shoppe.
   904 | D        | Slain by Agnes

Vault maps used:
D:        dungeon_sprint_fedhas

Skill      XL: |  1  2  3  4  5  6  7  8  9 |
---------------+----------------------------+-----
Stealth        | 7 10 11 12 16 17 18 21 23 | 23.2
Dodging        | 4 5 6 7 |  7.2
Spellcasting   | 3 4 6 7 8 9 |  9.2
Hexes          | 4 5 9 10 11 | 11.5
Short Blades   | 4 5 7 9 |  9.9
Invocations    | |  0.6

Action                   |  1- 3 |  4- 6 |  7- 9 || total
-------------------------+-------+-------+-------++-------
Melee: Dagger            |     8 |     5 |       ||    13
       Rapier            |       |     2 |    19 ||    21
 Cast: Confuse           |     1 |       |     2 ||     3
       Ensorcelled Hiber |       |       |     3 ||     3
       Dazzling Spray    |       |       |     1 ||     1
Invok: Shadow Step       |       |       |     2 ||     2
  Use: Scroll            |       |       |     3 ||     3
 Stab: Sleeping          |     4 |     7 |    14 ||    25
       Confused          |       |       |     1 ||     1
